 Dungeon Crawl Stone Soup version 0.24-a0-274-gb3763e6 (webtiles) character file.

Game seed: 16497500625782114130

246 Hasart the Insei (level 6, -7/43 HPs)
             Began as an Octopode Monk on Apr 26, 2019.
             Was a Believer of Nemelex Xobeh.
             Shot with an arrow by a centaur (8 damage)
             ... on level 6 of the Dungeon.
             The game lasted 00:05:13 (3057 turns).

Hasart the Insei (Octopode Monk)                    Turns: 3057, Time: 00:05:14

Health: -7/43      AC:  1    Str: 11    XL:     6   Next: 11%
Magic:  6/6        EV: 15    Int: 12    God:    Nemelex Xobeh [**....]
Gold:   96         SH:  0    Dex: 16    Spells: 5/5 levels left

rFire    . . .     SeeInvis .     - Unarmed
rCold    . . .     Gourm    .   (no shield)
rNeg     . . .     Faith    .   (helmet restricted)
rPois    .         Spirit   .   (no amulet)
rElec    .         Reflect  .   (no ring)
rCorr    .         Harm     .   (no ring)
MR       .....                  (no ring)
Stlth    ++++......             (no ring)
HPRegen  0.14/turn              (no ring)
MPRegen  0.10/turn              (no ring)
                                (no ring)
                                (no ring)

@: no status effects
A: almost no armour, stealthy swim, amphibious, 8 rings, constrict 8, camouflage
1, gelatinous body 1
a: Draw Escape, Draw Destruction, Draw Summoning, Renounce Religion


You were on level 6 of the Dungeon.
You worshipped Nemelex Xobeh.
Nemelex Xobeh was pleased with you.
You were not hungry.

You visited 1 branch of the dungeon, and saw 4 of its levels.

You collected 96 gold pieces.

Inventory:

Jewellery
 e - an uncursed ring of ice {unknown}
Wands
 q - a wand of polymorph (10)
Scrolls
 c - a scroll of remove curse {unknown}
 d - a scroll of fear {unknown}
 f - 3 scrolls of enchant weapon {unknown}
 j - a scroll of identify {unknown}
 k - a scroll of teleportation {unknown}
 o - a scroll of magic mapping {unknown}
Potions
 b - a potion of brilliance {unknown}
 g - a potion of curing {unknown}
 h - a potion of berserk rage {unknown}
 i - a potion of haste {unknown}
 l - a potion of degeneration {unknown}
 n - a potion of flight {unknown}
 p - a potion of lignification {unknown}
Comestibles
 a - 8 rations
 m - 16 chunks of flesh


   Skills:
 + Level 4.0 Fighting
 + Level 3.8 Dodging
 + Level 4.4 Stealth
 * Level 4.7 Unarmed Combat
 + Level 0.5 Invocations


You had 5 spell levels left.
You didn't know any spells.
Your spell library was empty.

Dungeon Overview and Level Annotations

Branches:
Dungeon (3/15)

Altars:
Ashenzari
Nemelex Xobeh

Annotations:
D:6 Pikel


Innate Abilities, Weirdness & Mutations

You cannot wear most types of armour.
You are very stealthy in the water. (Stealth+)
You are amphibious.
You can wear up to eight rings at the same time.
You can use your tentacles to constrict eight enemies at once.
Your skin changes colour to match your surroundings (Stealth+).
Your rubbery body absorbs attacks. (AC +1, EV +1)


Message History

The centaur shouts!
The slave shouts!
Pikel shouts!
The centaur wields a +0 shortbow.
The centaur shoots an arrow.
The arrow hits you.
You draw a card...
You have drawn the Dance.
The centaur shoots an arrow.
The arrow hits you.
The centaur shoots an arrow.
The arrow hits you!
* * * LOW HITPOINT WARNING * * *
The shadow imp completely misses you.
The slave shouts!
Unknown command.
Unknown command.
Unknown command.
Unknown command.
You draw a card...
You have drawn Velocity.
Pikel seems to slow down.
The shadow imp hits you.
* * * LOW HITPOINT WARNING * * *
Unknown command.
Unknown command.
The centaur shoots an arrow.
The arrow hits you!
You die...
Your body glows slightly and disappears.

##.## +#...#+
######.p...####
+......pK......
#).....p.c..#
#..5.#....#
##(5p....#
+..(....+
#..@....#
#..Z.#....#
#..##+##..# #.#
#.# #+ +#


You could see Pikel, 4 slaves, a centaur, 2 shadow imps, a worker ant zombie and
a friendly +2 long sword.

Vanquished Creatures
  An orc wizard (D:3)
  Jessica (D:3)
  Natasha (twice) (D:2)
  6 adders
  2 oozes
  A worm (D:3)
  3 dart slugs
  4 orcs (D:3)
  A ball python (D:1)
  7 bats
  3 giant cockroaches (D:3)
  9 goblins
  4 hobgoblins
  6 jackals
  2 quokkas
  9 frilled lizards
  2 kobolds
  10 rats
73 creatures vanquished.

Notes
Turn   | Place    | Note
-------+----------+-------------------------------------------
     0 | D:1      | Hasart the Octopode Monk began the quest for the Orb.
     0 | D:1      | Reached XP level 1. HP: 16/16 MP: 1/1
   125 | D:1      | Reached XP level 2. HP: 20/21 MP: 2/2
   338 | D:1      | Found a shattered altar of Ashenzari.
   773 | D:2      | Reached XP level 3. HP: 11/26 MP: 3/3
  1687 | D:2      | Noticed Natasha
  1689 | D:2      | Reached XP level 4. HP: 31/31 MP: 4/4
  1696 | D:2      | Killed Natasha
  1853 | D:2      | Noticed Natasha
  1866 | D:2      | Killed Natasha
  1866 | D:2      | Reached XP level 5. HP: 14/36 MP: 5/5
  2376 | D:3      | Noticed Jessica
  2387 | D:3      | Killed Jessica
  2901 | D:3      | Found a faded altar of an unknown god.
  2943 | D:3      | Became a worshipper of Nemelex Xobeh the Trickster
  2943 | D:3      | Received a gift from Nemelex Xobeh
  2943 | D:3      | Reached * piety under Nemelex Xobeh
  2943 | D:3      | Received a gift from Nemelex Xobeh
  2943 | D:3      | Received a gift from Nemelex Xobeh
  2943 | D:3      | Reached ** piety under Nemelex Xobeh
  2943 | D:3      | Received a gift from Nemelex Xobeh
  2943 | D:3      | Received a gift from Nemelex Xobeh
  3050 | D:3      | Reached XP level 6. HP: 28/43 MP: 6/6
  3052 | D:3      | You fall through a shaft for 3 floors!
  3053 | D:6      | Noticed Pikel
  3053 | D:6      | Noticed a slave
  3053 | D:6      | Noticed a slave
  3053 | D:6      | Noticed a slave
  3053 | D:6      | Noticed a slave
  3056 | D:6      | HP: 1/43 [shadow imp (5)]
  3057 | D:6      | Shot with an arrow by a centaur

Levels and vault maps discovered:
D:1:      tarquinn_simple_flora_water_d, layout_basic, evilmike_ruin_ashenzari
D:2:      layout_rooms, uniq_natasha
D:3:      layout_rooms, chequers_ecumenical_altar_island, uniq_jessica
D:6:      minmay_chambers_of_sixes, layout_loops_ring, minmay_pentangle,
          uniq_edmund, uniq_grinder, uniq_pikel, uniq_menkaure

Skill      XL: |  1  2  3  4  5 |
---------------+----------------+-----
Stealth        | 3 4 |  4.4
Unarmed Combat | 4 |  4.7
Fighting       | 4 |  4.0
Dodging        | |  3.8
Invocations    | |  0.5

Action                   |  1- 3 |  4- 6 || total
-------------------------+-------+-------++-------
Melee: Unarmed           |    72 |    85 ||   157
       Constrict         |    16 |    21 ||    37
       Tentacles         |    10 |    17 ||    27
       Punch             |       |     2 ||     2
 Abil: Draw Destruction  |       |     2 ||     2
       Draw Escape       |       |     1 ||     1
       Draw Summoning    |       |     1 ||     1
 Stab: Sleeping          |     9 |     6 ||    15
       Distracted        |       |     1 ||     1
  Eat: Chunk             |     2 |     5 ||     7
Armor: Skin              |     4 |     4 ||     8
Dodge: Dodged            |    39 |    39 ||    78

Table legend:
 A = Non-vault XP
 B = Vault XP
 C = Vault XP percentage of total XP
 D = Non-vault monster count
 E = Vault monster count
 F = Vault count percentage of total count
                 A         B        C        D         E       F
            +---------+---------+-------+---------+---------+-------
      Total |     280 |      72 |  20.5 |      71 |       2 |   2.7
            +---------+---------+-------+---------+---------+-------
        D:1 |      25 |       0 |   0.0 |      11 |       0 |   0.0
        D:2 |     107 |      35 |  24.6 |      22 |       1 |   4.3
        D:3 |     148 |      37 |  20.0 |      38 |       1 |   2.6
            +---------+---------+-------+---------+---------+-------
